 Dungeon Crawl Stone Soup version 0.26.1-11-gd32895ea62 (webtiles) character file.

Game seed: 3076703658650743604

20465 Beepinex the Bludgeoner (level 12, -14/113 HPs)
             Began as a Minotaur Berserker on May 27, 2021.
             Was a Priest of Trog.
             Demolished by a two-headed ogre
             ... wielding a +0 giant club
              (20 damage)
             ... on level 11 of the Dungeon.
             The game lasted 00:59:57 (9958 turns).

Beepinex the Bludgeoner (Minotaur Berserker)        Turns: 9958, Time: 00:59:57

Health: -14/113    AC: 10    Str: 37    XL:     12   Next: 45%
Magic:  0/7        EV: 14    Int:  7    God:    Trog [***...]
Gold:   483        SH:  0    Dex: 10    Spells: 13/13 levels left

rFire    . . .     SeeInvis .   F - +3 great mace (antimagic)
rCold    . . .     Faith    .   (shield currently unavailable)
rNeg     . . .     Spirit   +   S - +0 scale mail of Icsyl {Str+4 Int+3}
rPois    +         Reflect  .   (helmet restricted)
rElec    .         Harm     .   (no cloak)
rCorr    .         Rampage  .   (no gloves)
Will     .....                  x - +0 pair of boots
Stlth    ..........             H - amulet of guardian spirit
HPRegen  0.68/turn              t - +6 ring of strength
MPRegen  0.10/turn              L - ring of magical power

@: berserk cooldown, slowed, studying Fighting, very slow
A: retaliatory headbutt, horns 2, poison resistance, regeneration 1
a: Renounce Religion, Berserk, Trog's Hand


You were on level 11 of the Dungeon.
You worshipped Trog.
Trog was most pleased with you.
You visited 1 branch of the dungeon, and saw 11 of its levels.
You also visited: Bailey.

You collected 819 gold pieces.
You spent 336 gold pieces at shops.

Inventory:

Hand Weapons
 b - a +1 whip of distortion
 F - a +3 antimagic great mace (weapon)
 Q - a +3 falchion of holy wrath
Armour
 n - a +2 ring mail of fire resistance
 x - a +0 pair of boots (worn)
 D - a +3 ring mail
 R - a +2 robe of cold resistance
 S - the +0 scale mail of Icsyl (worn) {Str+4 Int+3}
   (You found it on level 10 of the Dungeon)

   It affects your strength (+4).
   It affects your intelligence (+3).
Jewellery
 t - a +6 ring of strength (left hand)
 w - an uncursed ring of resist corrosion
 C - an uncursed ring of protection from fire
 H - an amulet of guardian spirit (around neck)
 L - a ring of magical power (right hand)
 T - an uncursed ring of ice
Wands
 l - a wand of flame (13)
 m - a wand of random effects (51)
 u - a wand of polymorph (8)
 v - a wand of iceblast (5)
 y - a wand of enslavement (6)
 B - a wand of paralysis (11)
Scrolls
 a - a scroll of summoning {unknown}
 e - 2 scrolls of fear
 f - a scroll of enchant armour {unknown}
 g - 3 scrolls of immolation
 i - 6 scrolls of magic mapping
 j - 2 scrolls of fog {unknown}
 k - 7 scrolls of remove curse
 o - a scroll of enchant weapon {unknown}
 p - 2 scrolls of random uselessness
 r - 5 scrolls of teleportation
 s - 2 scrolls of amnesia
 z - 2 scrolls of blinking {unknown}
 E - a scroll of identify
 K - a scroll of vulnerability {unknown}
 O - a scroll of noise
Potions
 c - a potion of cancellation
 d - 3 potions of might
 h - 5 potions of curing
 q - 3 potions of heal wounds
 A - a potion of brilliance
 N - a potion of degeneration
 P - a potion of resistance
Books
 I - a manual of Fighting
 J - a manual of Fighting


   Skills:
 + Level 12.3 Fighting
 + Level 1.3(1.7) Short Blades
 + Level 1.5(1.9) Long Blades
 + Level 15.1 Maces & Flails
 + Level 1.5 Polearms
 + Level 1.3(1.9) Slings
 + Level 1.3 Bows
 + Level 1.3 Crossbows
 + Level 1.6(1.9) Throwing
 + Level 10.4 Armour
 + Level 8.4 Dodging
 - Level 1.0 Stealth
 + Level 2.3 Shields
 + Level 1.3 Unarmed Combat
 + Level 1.2 Spellcasting
 + Level 0.8 Conjurations
 + Level 0.7 Hexes
 + Level 0.8 Summonings
 + Level 0.8 Necromancy
 + Level 0.8 Translocations
 + Level 1.0 Transmutations
 + Level 0.8 Fire Magic
 + Level 1.4 Ice Magic
 + Level 0.8 Air Magic
 + Level 1.0 Earth Magic
 + Level 0.8 Poison Magic
 + Level 1.2 Invocations
 + Level 1.1 Evocations


You had 13 spell levels left.
You didn't know any spells.
Your spell library was empty.

Dungeon Overview and Level Annotations

Branches:
Dungeon (11/15)            Temple (0/1) D:4            Lair (0/6) D:8
 Bailey (visited)
    Orc: D:9-12

Altars:
Vehumet

Shops:
D:7 =   D:9 !   D:10 :


Innate Abilities, Weirdness & Mutations

You reflexively headbutt those who attack you in melee.
You have a pair of horns on your head.
Your system is resistant to poisons. (rPois)
Your natural rate of healing is unusually fast.


Message History

Reactivating autopickup.
You feel a bit more experienced.
You are no longer berserk.
You are exhausted.
You feel yourself slow down.
The two-headed ogre hits you with a +0 giant club!!
The two-headed ogre misses you.
You bludgeon the two-headed ogre!! You headbutt the two-headed ogre!
The two-headed ogre is heavily wounded.
You sock the two-headed ogre! You headbutt the two-headed ogre!
The two-headed ogre is almost dead.
The two-headed ogre hits you with a +0 giant club!
The two-headed ogre hits you with a +0 giant club!!
* * * LOW HITPOINT WARNING * * *
The two-headed ogre closely misses you. The two-headed ogre misses you.
The two-headed ogre hits you with a +0 giant club!
* * * LOW HITPOINT WARNING * * *
The two-headed ogre misses you.
The two-headed ogre hits you with a +0 giant club!!
You die...

##### #........# #.#.# #.#
#...###.######.# #.#.# #.#
#.#.#........#.# #.#.# #.#
#.#.#.#.####.#.########.#.###.#
#.#.#......#.#.#>..............
#.#.###.#....#.#.##.###.).....#
#.......#..###.#...............
###.#####..##....##...#.#.#####
#.# #..##.@O).....#.#.#
#.#####..<.)#O).....#.#.#
#.........#.#O####.##.#.# ##
########..#.#O. ...$.#.####.
#..(..... ###.#.... ##.#......
##.#.... #.#.#.#..# #.......
#.#.#.#..# #....##.
#.#.#.#..#+###....#..


You could see 2 two-headed ogres and 2 ogres.

Vanquished Creatures
  The ghost of 0gre the Frost Mage, a journeyman GnIE of Vehumet (D:10)
  A boulder beetle (D:11)
  Fannar (D:10)
  2 two-headed ogres (D:11)
  An ogre mage (D:11)
  Nergalle (D:10)
  A manticore (D:11)
  Maurice (D:10)
  Joseph (D:7)
  A gargoyle (D:11)
  Maggie (D:10)
  2 kobold demonologists (D:10)
  Grinder (D:5)
  Prince Ribbit (D:5)
  6 yaks (D:10)
  Grum (D:8)
  Eustachio (D:5)
  13 orc warriors
  7 ice beasts
  3 phantoms
  A sky beast (D:5)
  2 black bears
  6 ogres
  4 wolves (D:8)
  12 centaurs
  10 big kobolds
  2 bullfrogs
  A scorpion (D:5)
  6 killer bees (D:7)
  3 howler monkeys
  2 jellies
  A quasit (D:8)
  A bullfrog zombie (D:5)
  7 hounds
  8 orc priests
  16 orc wizards
  2 bullfrog skeletons
  An iguana (D:8)
  A centaur skeleton (D:6)
  6 worker ants
  A killer bee zombie (D:7)
  2 hound skeletons
  A worker ant zombie (D:8)
  A howler monkey skeleton (D:4)
  13 gnolls
  12 adders
  2 white imps
  2 adder skeletons
  7 worms
  5 dart slugs
  5 leopard geckos
  52 orcs
  10 bats
  7 giant cockroaches
  14 goblins
  10 hobgoblins
  8 jackals
  9 kobolds
  9 quokkas
  3 ball pythons
  4 frilled lizards
  A leopard gecko skeleton (D:4)
  A quokka skeleton (D:7)
  9 rats
327 creatures vanquished.

Notes
Turn   | Place    | Note
-------+----------+-------------------------------------------
     0 | D:1      | Beepinex the Minotaur Berserker began the quest for the
                  | Orb.
     0 | D:1      | Reached XP level 1. HP: 19/19 MP: 0/0
   112 | D:1      | Reached XP level 2. HP: 24/27 MP: 1/1
   174 | D:1      | Reached skill level 4 in Maces & Flails
   400 | D:1      | Reached XP level 3. HP: 33/33 MP: 2/2
   402 | D:1      | Reached ** piety under Trog
  1017 | D:2      | Reached XP level 4. HP: 32/41 MP: 3/3
  1290 | D:2      | Reached skill level 5 in Maces & Flails
  1299 | D:2      | Reached *** piety under Trog
  1396 | D:2      | Reached skill level 1 in Stealth
  1553 | D:3      | Reached XP level 5. HP: 47/47 MP: 4/4
  1681 | D:3      | Reached skill level 5 in Fighting
  1749 | D:3      | Reached skill level 6 in Maces & Flails
  1749 | D:3      | Reached XP level 6. HP: 56/56 MP: 5/5
  1919 | D:3      | Reached **** piety under Trog
  2643 | D:4      | Reached skill level 7 in Maces & Flails
  2643 | D:4      | Reached XP level 7. HP: 62/62 MP: 6/6
  2855 | D:4      | Found a staircase to the Ecumenical Temple.
  3440 | D:5      | Entered Level 5 of the Dungeon
  3452 | D:5      | Noticed Grinder
  3460 | D:5      | Paralysed by Grinder for 4 turns
  3467 | D:5      | Killed Grinder
  3468 | D:5      | Reached skill level 8 in Maces & Flails
  3468 | D:5      | Reached skill level 5 in Armour
  3468 | D:5      | Reached XP level 8. HP: 70/70 MP: 7/7
  3485 | D:5      | Found a radiant altar of Vehumet.
  3604 | D:5      | Reached ***** piety under Trog
  3860 | D:5      | Noticed Eustachio
  3874 | D:5      | Reached skill level 9 in Maces & Flails
  3875 | D:5      | Killed Eustachio
  3909 | D:5      | Reached skill level 5 in Dodging
  4347 | D:5      | Reached XP level 9. HP: 79/79 MP: 8/8
  4678 | D:5      | Noticed Prince Ribbit
  4684 | D:5      | Killed Prince Ribbit
  4685 | D:5      | Reached skill level 10 in Maces & Flails
  5787 | D:7      | Found Joss's Jewellery Boutique.
  5791 | D:7      | Noticed Joseph
  5811 | D:7      | Killed Joseph
  5812 | D:7      | Reached skill level 11 in Maces & Flails
  6019 | D:7      | Received a gift from Trog
  6603 | D:8      | Found a staircase to the Lair.
  6606 | D:8      | Found a flagged portal.
  6626 | Bailey   | Entered a bailey
  6668 | Bailey   | Reached XP level 10. HP: 90/90 MP: 3/9
  6885 | Bailey   | Reached skill level 12 in Maces & Flails
  7561 | D:8      | Reached skill level 1 in Short Blades
  7561 | D:8      | Reached skill level 1 in Long Blades
  7561 | D:8      | Reached skill level 1 in Polearms
  7561 | D:8      | Reached skill level 1 in Slings
  7561 | D:8      | Reached skill level 1 in Bows
  7561 | D:8      | Reached skill level 1 in Crossbows
  7561 | D:8      | Reached skill level 1 in Throwing
  7561 | D:8      | Reached skill level 1 in Unarmed Combat
  7561 | D:8      | Reached skill level 1 in Spellcasting
  7561 | D:8      | Reached skill level 1 in Transmutations
  7561 | D:8      | Reached skill level 1 in Ice Magic
  7561 | D:8      | Reached skill level 1 in Earth Magic
  7561 | D:8      | Reached skill level 1 in Invocations
  7561 | D:8      | Reached skill level 1 in Evocations
  7561 | D:8      | Reached XP level 11. HP: 90/97 MP: 3/11
  7592 | D:8      | Noticed Grum
  7602 | D:8      | Killed Grum
  7910 | D:9      | Found Cackeopt's Distillery.
  7920 | D:9      | Bought a potion of heal wounds for 80 gold pieces
  7920 | D:9      | Bought a potion of mutation for 128 gold pieces
  7920 | D:9      | Bought a potion of mutation for 128 gold pieces
  7920 | D:9      | Gained mutation: Your magical capacity is low. (-10% MP)
                  | [potion of mutation]
  7920 | D:9      | Gained mutation: You have sharp toenails. [potion of
                  | mutation]
  7921 | D:9      | Lost mutation: You have sharp toenails. [potion of
                  | mutation]
  7921 | D:9      | Lost mutation: Your magical capacity is low. (-10% MP)
                  | [potion of mutation]
  7921 | D:9      | Gained mutation: Your natural rate of healing is unusually
                  | fast. [potion of mutation]
  7921 | D:9      | Gained mutation: Your magical capacity is low. (-10% MP)
                  | [potion of mutation]
  7921 | D:9      | Lost mutation: Your magical capacity is low. (-10% MP)
                  | [potion of mutation]
  7921 | D:9      | Gained mutation: Your system is resistant to poisons.
                  | (rPois) [potion of mutation]
  8141 | D:9      | Reached skill level 10 in Fighting
  8141 | D:9      | Reached skill level 13 in Maces & Flails
  8435 | D:10     | Entered Level 10 of the Dungeon
  8435 | D:10     | Noticed Nergalle
  8444 | D:10     | Noticed a spectral orc warlord
  8445 | D:10     | Killed Nergalle
  8572 | D:10     | Got a warped scale mail
  8573 | D:10     | Identified the cursed +0 scale mail of Icsyl {Str+4 Int+3}
                  | (You found it on level 10 of the Dungeon)
  8625 | D:10     | Noticed Fannar
  8643 | D:10     | Killed Fannar
  8693 | D:10     | Found Hoaxiol's Book Shop.
  8805 | D:10     | Noticed Maggie
  8816 | D:10     | Killed Maggie
  9178 | D:10     | Noticed Maurice
  9185 | D:10     | Killed Maurice
  9186 | D:10     | Reached skill level 14 in Maces & Flails
  9392 | D:10     | Found a runed translucent gate.
  9392 | D:10     | Found a runed translucent gate.
  9392 | D:10     | Found a runed translucent gate.
  9393 | D:10     | Noticed 0gre's ghost (journeyman GnIE)
  9405 | D:10     | Reached XP level 12. HP: 110/110 MP: 7/12
  9421 | D:10     | Killed 0gre's ghost
  9422 | D:10     | Paralysed by a big kobold for 4 turns
  9788 | D:11     | Reached skill level 10 in Armour
  9851 | D:11     | Noticed a two-headed ogre
  9852 | D:11     | Noticed a two-headed ogre
  9872 | D:11     | Noticed a boulder beetle
  9886 | D:11     | Killed a boulder beetle
  9939 | D:11     | Noticed an ogre mage
  9940 | D:11     | Noticed a two-headed ogre
  9940 | D:11     | Noticed a two-headed ogre
  9950 | D:11     | Killed a two-headed ogre
  9952 | D:11     | Killed a two-headed ogre
  9953 | D:11     | Reached skill level 15 in Maces & Flails
  9955 | D:11     | Killed an ogre mage
  9958 | D:11     | Demolished by a two-headed ogre

Illustrated notes

Levels and vault maps discovered:
D:1:      dpeg_arrival_short_road, layout_loops_ring, st_stairs_2
D:2:      layout_rooms, glass_columns_c
D:3:      minmay_spotlight, layout_basic
D:4:      black_bear_nest_2, layout_basic, minmay_temple_entry_tees
D:5:      layout_cave_pools, lemuel_crystal_altar, uniq_prince_ribbit1,
          uniq_eustachio, uniq_grinder
D:6:      layout_basic
D:7:      layout_rooms, serial_rivers, chequers_serial_rivers_small_a,
          chequers_serial_rivers_micro_a, chequers_serial_rivers_large_b,
          chequers_serial_rivers_small_a, serial_shops, shop, uniq_joseph
D:8:      layout_rooms, lair_entry_dummy, enter_bailey_5, chequers_mini_garden,
          uniq_grum
D:9:      layout_irregular_city, serial_shops, nicolae_shop_statue_plus,
          minmay_holes, hangedman_abyss_or_decor_lesser_grid
D:10:     layout_basic, serial_shops, shop_statue,
          gammafunk_ghost_nasty_kobolds, small_statue_alley_a, uniq_maggie,
          uniq_fannar, uniq_maurice, uniq_nergalle
D:11:     layout_basic, gauntlet_entry_generic

Skill      XL: |  1  2  3  4  5  6  7  8  9 10 11 12 |
---------------+-------------------------------------+-----
Maces & Flails | 4 5 6 7 8 9 11 12 14 15 | 15.1
Fighting       | 4 5 6 7 8 9 11 12 | 12.3
Stealth        | 1 |  1.0
Dodging        | 3 4 5 6 7 8 |  8.4
Armour         | 3 4 5 7 8 9 10 | 10.4
Short Blades   | 1 |  1.3
Long Blades    | 1 |  1.5
Polearms       | 1 |  1.5
Slings         | 1 |  1.3
Bows           | 1 |  1.3
Crossbows      | 1 |  1.3
Throwing       | 1 |  1.6
Shields        | 2 |  2.3
Unarmed Combat | 1 |  1.3
Spellcasting   | 1 |  1.2
Transmutations | 1 |  1.0
Ice Magic      | 1 |  1.4
Earth Magic    | 1 |  1.0
Invocations    | 1 |  1.2
Evocations     | 1 |  1.1
Conjurations   | |  0.8
Hexes          | |  0.7
Summonings     | |  0.8
Necromancy     | |  0.8
Translocations | |  0.8
Fire Magic     | |  0.8
Air Magic      | |  0.8
Poison Magic   | |  0.8

Action                   |  1- 3 |  4- 6 |  7- 9 | 10-12 || total
-------------------------+-------+-------+-------+-------++-------
Melee: Mace              |    72 |   160 |   215 |       ||   447
       Headbutt          |    13 |    22 |    53 |    65 ||   153
       Great mace        |       |       |    30 |   267 ||   297
Invok: Berserk           |     2 |     7 |    11 |    12 ||    32
       Trog's Hand       |       |     1 |     1 |     3 ||     5
  Use: Scroll            |       |     2 |    11 |     7 ||    20
       Potion            |       |     3 |     5 |    11 ||    19
 Stab: Sleeping          |     2 |       |       |       ||     2
Armor: Animal skin       |    16 |       |       |       ||    16
       Ring mail         |     8 |    53 |    89 |    63 ||   213
       Scale mail        |       |       |       |    47 ||    47
Dodge: Dodged            |    61 |    89 |   193 |   238 ||   581
